 Dungeon Crawl Stone Soup version bcrawl-1.15.1 (webtiles) character file.

Game seed: 6065630807860824766

36692 MisterOstroum the Mender (level 13, -25/127 HPs)
             Began as a Deep Dwarf Fighter on Sept 27, 2019.
             Was a Priest of Elyvilon.
             Killed from afar by MisterOstroum's ghost (26 damage)
             ... with a flame tongue
             ... on level 11 of the Dungeon on Sept 28, 2019.
             The game lasted 00:50:08 (14922 turns).

MisterOstroum the Mender (Deep Dwarf Fighter)      Turns: 14922, Time: 00:50:08

Health: -25/127    AC: 19    Str: 24    XL:     13   Next: 54%
Magic:  19/22      EV:  7    Int: 10    God:    Elyvilon [***...]
Gold:   1090       SH: 12    Dex: 15    Spells: 12/12 levels left

rFire    . . .     SeeInvis .   b - +5 fustibalus (flame)
rCold    . . .     Gourm    .   c - +0 shield
rNeg     . . .     Faith    .   r - +0 plate armour
rPois    +         Spirit   .   (no helmet)
rElec    .         Reflect  .   (no cloak)
rCorr    .         Harm     .   f - +1 pair of gloves
MR       +....                  Q - +1 pair of boots
Stlth    ..........             (no amulet)
HPRegen  0.00/turn              P - ring of poison resistance
MPRegen  0.18/turn              n - +3 ring of dexterity

@: non-regenerating
A: damage resistance, sense surroundings 2, no regeneration
a: Lesser Healing, Heal Other, Purification, Divine Protection, Renounce
Religion


You were on level 11 of the Dungeon.
You worshipped Elyvilon.
Elyvilon was most pleased with you.
You were near starving.

You visited 2 branches of the dungeon, and saw 16 of its levels.
You also visited: Ossuary.

You collected 1090 gold pieces.

Inventory:

Hand Weapons
 a - a +1 war axe
 b - a +5 fustibalus of flaming (weapon)
 E - a +6 hunting sling of freezing
 H - the +1 whip of Discretion {venom, rElec MP+9 Dex-3}
   (You found it on level 8 of the Dungeon)

   It poisons the flesh of those it strikes.
   It affects your dexterity (-3).
   It insulates you from electricity.
   It affects your magic capacity (+9).
 R - the +8 trident of the Real Monster {pierce, Int+3}
   (You found it on level 4 of the Lair of Beasts)

   It inflicts extra damage upon your enemies.
   It affects your intelligence (+3).
Missiles
 i - 3297 stones
 C - 95 sling bullets (quivered)
 Y - a throwing net {!f!f}
Armour
 c - a +0 shield (worn)
 f - a +1 pair of gloves (worn)
 r - a +0 plate armour (worn)
 Q - a +1 pair of boots (worn)
Magical Staves
 F - an uncursed staff of air
Jewellery
 n - a +3 ring of dexterity (right hand)
 w - an uncursed ring of protection from cold
 B - an uncursed ring of flight
 L - an uncursed ring of see invisible
 P - a ring of poison resistance (left hand)
Wands
 I - a wand of paralysis (9)
 T - a wand of enslavement (8)
 W - a wand of disintegration (7)
 Z - a wand of polymorph (3)
Scrolls
 g - 4 scrolls of identify {@r1}
 l - 2 scrolls of teleportation {@r3 !r}
 o - 3 scrolls of immolation
 q - 10 scrolls of remove curse {@r2}
 s - 4 scrolls of fog
 v - 2 scrolls of enchant armour
 y - 2 scrolls of magic mapping
 D - 2 scrolls of amnesia
 K - a scroll of brand weapon
 M - a scroll of fear {!r}
 N - a scroll of vulnerability
Potions
 d - 2 potions of might {@q3 !q}
 h - a potion of resistance
 j - 4 potions of flight
 k - a potion of invisibility
 m - 3 potions of lignification {@q6}
 p - a potion of brilliance
 t - a potion of magic
 x - 4 potions of curing {@q1 !q}
 z - 2 potions of cancellation
 A - 3 potions of agility {@q5 !q}
 G - a potion of haste {@q4 !q}
 J - a potion of heal wounds {@q2 !q}
 V - a potion of mutation
Miscellaneous
 O - a lightning rod (4/4)
 X - a lamp of fire
Comestibles
 e - 26 rations {!d}
 U - 3 chunks of flesh


   Skills:
 + Level 11.4 Fighting
 - Level 10.0 Axes
 + Level 10.0 Slings
 - Level 10.3 Armour
 * Level 1.2 Dodging
 - Level 10.3 Shields
 + Level 12.9 Invocations
 - Level 4.5 Evocations


You had 12 spell levels left.
You didn't know any spells.
Your spell library contained the following spells:

 Spells                   Type           Power        Failure   Level  Hunger
 Animate Skeleton         Necr           N/A          100%        1    ##.....
 Magic Dart               Conj           #...         100%        1    ##.....
 Pain                     Necr           #...         100%        1    ##.....
 Slow                     Hex            #.......     100%        1    ##.....
 Blink                    Tloc           N/A          100%        2    ###....
 Call Imp                 Summ           #.......     100%        2    ###....
 Conjure Flame            Conj/Fire      #.......     100%        3    ####...
 Mephitic Cloud           Conj/Pois/Air  #.......     100%        3    ####...
 Vampiric Draining        Necr           #.........   100%        3    ####...
 Animate Dead             Necr           N/A          100%        4    #####..
 Bolt of Draining         Conj/Necr      #.........   100%        5    ######.
 Tree Form                Hex/Tmut       N/A          100%        5    ######.
 Statue Form              Tmut/Erth      #........    100%        6    #######
 Dragon Form              Tmut           #......      100%        7    #######
 Necromutation            Tmut/Necr      #.......     100%        8    #######
 Regeneration             Chrm/Necr      Unusable     N/A         3    N/A

Dungeon Overview and Level Annotations

Branches:
Dungeon (11/12)            Temple (0/1) D:7            Lair (5/6) D:7
  Swamp (0/3) Lair:2       Spider (0/3) Lair:4        Slime (0/5) Lair:5
    Orc (0/1) D:11         Vaults (0/3) D:11

Altars:
Ashenzari
Dithmenos
Elyvilon
Fedhas
Gozag
Kikubaaqudgha
Okawaru
Ru
Uskayaw
Wu Jian
Yredelemnul
Jiyva

Shops:
D:5 =

Annotations:
D:7 exclusion: oklob plant
D:11 MisterOstroum's ghost, journeyman OgRe; Rupert
Lair:2 1 runed translucent door, exclusion: oklob plant, pheathergobbo575's ghost, journeyman DsGl
Lair:4 3 runed translucent doors, Kairok's ghost, journeyman VSRg


Innate Abilities, Weirdness & Mutations

You are resistant to damage.
You passively map the area around you.
You do not regenerate.


Message History

Aim: MisterOstroum's ghost, wielding a vorpal weapon (lightly damaged)
You shoot a stone. The stone hits MisterOstroum's ghost!
The stone burns MisterOstroum's ghost.
MisterOstroum's ghost is lightly damaged.
You block MisterOstroum's ghost's attack.
Firing (i - inventory. (/) - cycle)
i - 3299 stones (quivered)
Press: ? - help, Shift-Dir - straight line, f/p - MisterOstroum's ghost
Aim: MisterOstroum's ghost, wielding a vorpal weapon (lightly damaged)
You shoot a stone.
The stone barely misses MisterOstroum's ghost.
Firing (i - inventory. (/) - cycle)
i - 3298 stones (quivered)
Press: ? - help, Shift-Dir - straight line, f/p - MisterOstroum's ghost
Aim: MisterOstroum's ghost, wielding a vorpal weapon (lightly damaged)
You shoot a stone.
The stone barely misses MisterOstroum's ghost.
MisterOstroum's ghost hits you.
Press: ? - help, Dir - move target cursor, f/p - MisterOstroum's ghost Heal: MisterOstroum's ghost, wielding a vorpal weapon (lightly damaged, uninterested)
You are healed.
You feel somewhat more hungry.
MisterOstroum's ghost says, "Are you willing to die fighting?
I was!"
MisterOstroum's ghost casts a spell at you.
The stone arrow hits you!
Firing (i - inventory. (/) - cycle)
C - 100 sling bullets (quivered)
Press: ? - help, Shift-Dir - straight line, f/p - MisterOstroum's ghost
Aim: MisterOstroum's ghost, wielding a vorpal weapon (lightly damaged)
You shoot a sling bullet.
The sling bullet hits MisterOstroum's ghost!
The sling bullet burns MisterOstroum's ghost.
MisterOstroum's ghost is moderately damaged.
MisterOstroum's ghost hits you.
Firing (i - inventory. (/) - cycle)
C - 99 sling bullets (quivered)
Press: ? - help, Shift-Dir - straight line, f/p - MisterOstroum's ghost
Aim: MisterOstroum's ghost, wielding a vorpal weapon (moderately damaged)
You shoot a sling bullet.
The sling bullet hits MisterOstroum's ghost!
The sling bullet burns MisterOstroum's ghost.
MisterOstroum's ghost is moderately damaged.
MisterOstroum's ghost hits you but does no damage.
Firing (i - inventory. (/) - cycle)
C - 98 sling bullets (quivered)
Press: ? - help, Shift-Dir - straight line, f/p - MisterOstroum's ghost
Aim: MisterOstroum's ghost, wielding a vorpal weapon (moderately damaged)
You shoot a sling bullet.
The sling bullet hits MisterOstroum's ghost but does no damage.
MisterOstroum's ghost is moderately damaged.
MisterOstroum's ghost hits you but does no damage.
Firing (i - inventory. (/) - cycle)
C - 97 sling bullets (quivered)
Press: ? - help, Shift-Dir - straight line, f/p - MisterOstroum's ghost
Aim: MisterOstroum's ghost, wielding a vorpal weapon (moderately damaged)
You shoot a sling bullet.
The sling bullet hits MisterOstroum's ghost!
The sling bullet burns MisterOstroum's ghost.
MisterOstroum's ghost is moderately damaged.
MisterOstroum's ghost barely misses you.
Firing (i - inventory. (/) - cycle)
C - 96 sling bullets (quivered)
Press: ? - help, Shift-Dir - straight line, f/p - MisterOstroum's ghost
Aim: MisterOstroum's ghost, wielding a vorpal weapon (moderately damaged)
You shoot a sling bullet.
The sling bullet hits MisterOstroum's ghost.
The sling bullet burns MisterOstroum's ghost.
MisterOstroum's ghost is heavily damaged.
MisterOstroum's ghost says, "You will join me soon!"
MisterOstroum's ghost points at you and mumbles some strange words.
The orb of energy hits you!
* * * LOW HITPOINT WARNING * * *
The orb of energy explodes!
Unknown command.
MisterOstroum's ghost hits you.
As you close the door, it creaks loudly!
MisterOstroum's ghost gestures at you while chanting.
The wall shatters!
The blast of rock fragments hits you!
A gargoyle opens the door.
You close the door.
MisterOstroum's ghost barely misses you.
A gargoyle opens the door.
You close the door.
MisterOstroum's ghost points at you and mumbles some strange words.
The flame tongue hits you!
* * * LOW HITPOINT WARNING * * *
A gargoyle opens the door.
You close the door.
MisterOstroum's ghost points at you and mumbles some strange words.
You block the stone arrow.
A gargoyle opens the door.
You close the door.
MisterOstroum's ghost gestures at you while chanting.
You block the orb of energy.
The orb of energy explodes!
A gargoyle opens the door.
As you close the door, it creaks loudly!
MisterOstroum's ghost hits you. Elyvilon protects you from harm!
A gargoyle opens the door.
As you close the door, it creaks loudly!
MisterOstroum's ghost barely misses you.
A gargoyle opens the door.
You close the door.
You block MisterOstroum's ghost's attack.
A gargoyle opens the door.
You close the door.
MisterOstroum's ghost gestures at you while chanting.
The flame tongue hits you!
You die...

*,,,,,,,,,* *,* #......
*********** *,* #....∩<
*,* #....<> *,* #......
#####*,# #pp....
##...##.# #pp....
#..9....# #@p....
##+####.####po.... #@W.#
*,##..Sp9### #.≈.#
*,*#####.# *******#.≈.#
*,* *,..### *,,,,,,#.≈.#
*,* *.##... *,,,,,,#./$#
*,***#^*#.#.
*,,,,,,#####**,*,,.,**.#.
*,,,,,,,,,,,,,,*,##**#.#.
*,,,,,,,,,,*****,*,,,#...
*,,,,,,,,,,* *,*,*,###.


You could see a gargoyle and MisterOstroum's ghost.

Vanquished Creatures
  2 hydras
  2 centaur warriors (D:11)
  5 two-headed ogres
  A cyclops (D:9)
  An ugly thing (D:9)
  A wolf spider (D:8)
  Joseph (D:8)
  A black mamba (Lair:3)
  A yaktaur (D:8)
  10 cane toads
  2 komodo dragons
  A rime drake (Lair:3)
  4 trolls
  A merfolk (D:10)
  A hornet (D:9)
  6 blink frogs
  6 hippogriffs
  A wraith (D:10)
  31 yaks
  2 hungry ghosts
  4 basilisks
  9 humans (D:11)
  3 vampire mosquitoes (D:11)
  A swamp worm (Lair:2)
  6 water moccasins
  3 soldier ants (Lair:4)
  4 orc warriors
  7 porcupines
  3 sky beasts
  3 ice beasts
  2 black bears
  4 phantoms
  5 wolves
  4 ogres
  7 centaurs
  7 bullfrogs
  7 crocodiles
  A big kobold (D:7)
  4 scorpions
  5 killer bees (D:9)
  5 electric eels
  3 howler monkeys (D:7)
  A lava snake (Lair:1)
  3 crimson imps
  A human zombie (Ossuary)
  2 quasits
  A bullfrog skeleton (D:4)
  6 hounds
  9 jellies
  5 orc priests
  4 centaur skeletons
  6 iguanas
  Jessica (D:2)
  10 orc wizards
  8 worker ants
  2 big kobold zombies (Ossuary)
  A hound zombie (D:8)
  4 hound skeletons
  4 mummies (Ossuary)
  A worker ant zombie (D:5)
  A gnoll (D:8)
  A howler monkey skeleton (D:8)
  12 adders
  3 shadow imps
  10 oozes (D:7)
  2 adder zombies (Ossuary)
  3 worms
  6 dart slugs
  5 leopard geckos
  37 orcs
  3 giant cockroaches
  A gnoll zombie (Ossuary)
  7 goblins
  14 hobgoblins
  13 jackals
  8 kobolds
  3 quokkas
  A ball python (D:1)
  7 bats
  5 frilled lizards
  2 goblin zombies (Ossuary)
  A hobgoblin zombie (Ossuary)
  A jackal skeleton (D:5)
  A jackal zombie (D:8)
  2 kobold zombies (Ossuary)
  4 rats
  A rat zombie (Ossuary)
  A fungus (Lair:4)
401 creatures vanquished.

Vanquished Creatures (others)
  A centaur warrior (D:11)
  A queen ant (Lair:4)
  A cane toad (Lair:4)
  A hippogriff (Lair:2)
  A yak (Lair:3)
  A human (D:11)
  2 swamp worms (Lair:2)
  A porcupine (Lair:3)
  3 soldier ants (Lair:4)
  2 crocodiles
  A quasit (D:8)
  2 orc wizards (D:11)
  2 orc priests
  2 worker ants (Lair:4)
  A leopard gecko (D:6)
  4 orcs
  13 fungi
  5 plants
44 creatures vanquished.

Grand Total: 445 creatures vanquished

Notes
Turn   | Place    | Note
-------+----------+-------------------------------------------
     0 | D:1      | MisterOstroum the Deep Dwarf Fighter began the quest for
                  | the Orb.
     0 | D:1      | Reached XP level 1. HP: 21/21 MP: 1/1
   299 | D:1      | Reached XP level 2. HP: 22/28 MP: 2/2
   324 | D:1      | Reached ** piety under Elyvilon
   666 | D:1      | Reached XP level 3. HP: 34/34 MP: 3/3
  1041 | D:2      | Noticed Jessica
  1057 | D:2      | Killed Jessica
  1057 | D:2      | Reached XP level 4. HP: 23/44 MP: 1/4
  1276 | D:2      | Reached *** piety under Elyvilon
  1304 | D:2      | Found a white marble altar of Elyvilon.
  1487 | D:2      | Reached skill level 1 in Invocations
  2148 | D:3      | Reached skill level 2 in Invocations
  2181 | D:3      | Reached XP level 5. HP: 44/50 MP: 6/6
  2402 | D:3      | Noticed a phantom
  2442 | D:3      | Reached skill level 1 in Evocations
  2551 | D:3      | Killed a phantom
  2551 | D:3      | Reached skill level 3 in Invocations
  2551 | D:3      | Reached XP level 6. HP: 46/58 MP: 5/8
  2569 | D:3      | Found an ancient bone altar of Kikubaaqudgha.
  3036 | D:4      | Noticed Sigmund
  3182 | D:4      | Found a sand-covered staircase.
  3187 | Ossuary  | Entered an ossuary
  3206 | Ossuary  | Reached skill level 5 in Fighting
  3220 | Ossuary  | Reached skill level 4 in Invocations
  3247 | Ossuary  | Reached **** piety under Elyvilon
  3296 | Ossuary  | Reached skill level 5 in Axes
  3440 | D:4      | Reached XP level 7. HP: 45/67 MP: 10/10
  3498 | D:4      | Noticed a troll
  3515 | D:4      | Killed a troll
  3515 | D:4      | Reached skill level 5 in Invocations
  3839 | D:4      | Reached skill level 6 in Invocations
  3956 | D:4      | Reached XP level 8. HP: 50/74 MP: 12/12
  4000 | D:4      | Found a shattered altar of Ashenzari.
  4009 | D:4      | Pacified Sigmund
  4159 | D:5      | Entered Level 5 of the Dungeon
  4198 | D:5      | Found a shadowy altar of Dithmenos.
  4276 | D:5      | Found Demnor's Jewellery Shop.
  4379 | D:5      | Found a blossoming altar of Fedhas.
  4525 | D:5      | Reached skill level 5 in Shields
  4732 | D:6      | Reached skill level 5 in Armour
  5090 | D:6      | Reached skill level 7 in Invocations
  5171 | D:6      | Found a sacrificial altar of Ru.
  5414 | D:7      | Noticed a death yak
  5417 | D:7      | Noticed a death yak
  5418 | D:7      | Noticed a death yak
  5421 | D:7      | Gained mutation: You passively map the area around you.
                  | [Deep Dwarf growth]
  5421 | D:7      | Reached XP level 9. HP: 58/82 MP: 11/14
  5434 | D:6      | Pacified a death yak
  5481 | D:6      | Pacified a death yak
  5486 | D:6      | Pacified a death yak
  5690 | D:7      | Found a staircase to the Lair.
  5747 | D:7      | Reached skill level 8 in Invocations
  5802 | D:7      | Found an opulent altar of Gozag.
  5951 | D:7      | Found a hide-covered altar of Uskayaw.
  5952 | D:7      | Noticed a +0 dagger
  5952 | D:7      | Noticed a +0 dagger
  5983 | D:7      | Noticed an oklob plant
  6266 | D:7      | Reached XP level 10. HP: 70/96 MP: 16/16
  6335 | D:7      | Found an ornate altar of the Wu Jian Council.
  6460 | D:7      | Found a staircase to the Ecumenical Temple.
  6794 | D:8      | Found a basalt altar of Yredelemnul.
  6976 | D:8      | Noticed Joseph
  7032 | D:8      | Killed Joseph
  7057 | D:8      | Noticed a wolf spider
  7210 | D:8      | Reached skill level 9 in Invocations
  7232 | D:8      | Reached skill level 10 in Axes
  7357 | D:8      | Got a dazzling whip
  7608 | D:8      | Found an iron altar of Okawaru.
  7670 | D:8      | Identified the cursed +1 whip of Discretion {venom, rElec
                  | MP+9 Dex-3} (You found it on level 8 of the Dungeon)
  7798 | D:9      | Noticed a two-headed ogre
  7798 | D:9      | Noticed a two-headed ogre
  7897 | Lair:1   | Entered Level 1 of the Lair of Beasts
  8021 | Lair:1   | Noticed a cane toad
  8030 | Lair:1   | Killed a cane toad
  8030 | Lair:1   | Reached skill level 1 in Slings
  8735 | Lair:2   | Found a staircase to the Swamp.
  8816 | Lair:2   | Reached XP level 11. HP: 65/106 MP: 18/18
  9096 | Lair:2   | Reached skill level 10 in Invocations
  9294 | Lair:2   | Found a runed translucent door.
  9294 | Lair:2   | Noticed pheathergobbo575's ghost (journeyman DsGl)
  9382 | Lair:2   | Noticed an oklob plant
  9738 | Lair:3   | Reached skill level 5 in Slings
  9887 | Lair:3   | Noticed Harold
  9891 | Lair:3   | Pacified Harold
 10183 | Lair:3   | Reached skill level 10 in Fighting
 10195 | Lair:3   | Noticed a four-headed hydra
 10212 | Lair:3   | Killed a four-headed hydra
 10723 | Lair:4   | Noticed a five-headed hydra
 10842 | Lair:4   | Reached XP level 12. HP: 96/116 MP: 20/20
 10850 | Lair:4   | Reached skill level 11 in Invocations
 10873 | Lair:4   | Pacified a five-headed hydra
 10890 | Lair:4   | Got a polished trident
 10980 | Lair:4   | Identified the +8 trident of the Real Monster {pierce,
                  | Int+3} (You found it on level 4 of the Lair of Beasts)
 11058 | Lair:4   | Found a hole to the Spider Nest.
 11116 | Lair:4   | Noticed a queen ant
 11118 | Lair:4   | Pacified a queen ant
 11133 | Lair:4   | Killed a queen ant
 11323 | Lair:4   | Found a runed translucent gate.
 11323 | Lair:4   | Found a runed translucent gate.
 11324 | Lair:4   | Found a runed translucent gate.
 11353 | Lair:4   | Noticed a six-headed hydra
 11359 | Lair:4   | Killed a six-headed hydra
 11528 | Lair:4   | Noticed Kairok's ghost (journeyman VSRg)
 11567 | Lair:5   | Found a viscous altar of Jiyva.
 11567 | Lair:5   | Found a staircase to the Slime Pits.
 12534 | D:9      | Killed a two-headed ogre
 12564 | D:9      | Killed a two-headed ogre
 12876 | D:9      | Reached skill level 12 in Invocations
 12910 | D:9      | Noticed a two-headed ogre
 12942 | D:9      | Killed a two-headed ogre
 13027 | D:9      | Noticed Psyche
 13030 | D:9      | Pacified Psyche
 13064 | D:9      | Reached XP level 13. HP: 96/126 MP: 22/22
 13933 | D:10     | Entered Level 10 of the Dungeon
 14360 | D:11     | Found a gate to the Vaults.
 14360 | D:11     | Noticed Nessos
 14360 | D:11     | Noticed Rupert
 14400 | D:11     | Found a staircase to the Orcish Mines.
 14434 | D:11     | Reached skill level 10 in Slings
 14548 | D:11     | Reached skill level 10 in Armour
 14548 | D:11     | Reached skill level 10 in Shields
 14717 | D:11     | Pacified Nessos
 14788 | D:11     | Identified a scroll of acquirement
 14865 | D:11     | Reached skill level 1 in Dodging
 14872 | D:11     | Paralysed by Rupert for 2 turns
 14894 | D:11     | Found a runed translucent door.
 14895 | D:11     | Noticed MisterOstroum's ghost (journeyman OgRe)
 14916 | D:11     | HP: 1/127 [MisterOstroum's ghost/flame tongue (23)]
 14919 | D:11     | Elyvilon protects you from harm!
 14922 | D:11     | Killed from afar by MisterOstroum's ghost

Skill      XL: |  1  2  3  4  5  6  7  8  9 10 11 12 13 |
---------------+----------------------------------------+-----
Axes           | 3 4 5 6 7 9 10 | 10.0
Fighting       | 4 5 6 7 9 10 11 | 11.4
Invocations    | 2 3 4 6 7 8 9 10 12 | 12.9
Evocations     | 2 3 4 |  4.5
Shields        | 4 5 6 8 9 10 | 10.3
Armour         | 4 5 6 8 9 10 | 10.3
Slings         | 2 6 9 10 | 10.0
Dodging        | 1 |  1.2

Action                   |  1- 3 |  4- 6 |  7- 9 | 10-12 | 13-15 || total
-------------------------+-------+-------+-------+-------+-------++-------
Melee: War axe           |    97 |   266 |   331 |   475 |    55 ||  1224
       Whip              |       |       |       |    57 |    45 ||   102
       Trident           |       |       |       |    18 |       ||    18
 Fire: Hunting sling     |       |       |       |   326 |   212 ||   538
       Fustibalus        |       |       |       |       |    45 ||    45
Throw: Stone             |     1 |       |     1 |     3 |       ||     5
Invok: Lesser Healing    |     2 |     8 |    22 |    55 |     9 ||    96
       Heal Other        |       |     1 |    14 |    20 |    10 ||    45
       Purification      |       |     1 |       |     2 |       ||     3
       Greater Healing   |       |       |     1 |     3 |       ||     4
Evoke: Wand              |       |       |     7 |     4 |       ||    11
       Lightning rod     |       |       |       |     4 |       ||     4
       Phantom mirror    |       |       |       |       |     1 ||     1
  Use: Potion            |       |     2 |       |     1 |       ||     3
       Scroll            |       |       |    17 |     4 |    16 ||    37
 Stab: Paralysed         |       |       |     9 |    13 |       ||    22
       Distracted        |       |       |       |     1 |       ||     1
  Eat: Chunk             |     1 |     8 |    21 |    35 |     8 ||    73
       Ration            |       |     1 |     2 |     1 |     1 ||     5
Armor: Scale mail        |    43 |     1 |       |       |       ||    44
       Plate armour      |       |   223 |   225 |   264 |    92 ||   804
Dodge: Dodged            |    34 |    35 |    61 |   117 |    40 ||   287
Block: Shield            |    51 |   140 |   180 |   332 |   129 ||   832
